AoeStats
← Tai Lung

Four Lakes

507526252Analyzed
1v1 RM · 12d ago on Sep 18, 2026· 18m 28s· 2 players
Game mode
Random Map
Map size
Tiny (2 player)
Population
200
Speed
Normal
Resources
Standard
Victory
Conquest
Starting age
Dark Age
Ending age
Imperial Age
RankedLock teamsTeams togetherTeam positionsShared explorationLock speedFull tech treeHidden civsTurbo modeCheats
Victory
Defeat
🇪🇸 Lithuanians · Spain
1483
+18
🇦🇷 Saracens · Argentina
1535
-18
Tai Lung
6:23 Loom
9:29 Feudal Age
10:34 Double-Bit Axe
17:39 Fletching
RetroAge412
7:24 Loom
9:30 Feudal Age
16:36 Castle Age
14:40 Double-Bit Axe
18:55 Scale Barding Armor
Connection lost

Rejoining the realm…

Still unreachable

The connection could not be restored.

Session expired

The server has moved on; the page needs a fresh start.